 Dungeon Crawl Stone Soup version 0.29-a0-1006-g0dd7720b37 (webtiles) character file.

Game seed: 14112217320349378456

15 Manisian the Sneak (level 2, -1/13 HPs)
             Began as a Spriggan Summoner on Aug 7, 2022.
             Slain by a gnoll
             ... wielding a +0 flail
              (5 damage)
             ... on level 1 of the Dungeon.
             The game lasted 00:03:07 (919 turns).

Manisian the Sneak (Spriggan Summoner)               Turns: 919, Time: 00:03:07

Health: -1/13      AC:  2    Str:  4    XL:     2   Next: 34%
Magic:  4/6        EV: 17    Int: 16    God:
Gold:   0          SH:  0    Dex: 15    Spells: 3/6 levels left

rFire   . . .      SeeInvis +   d - +0 short sword
rCold   . . .      Faith    .   (no shield)
rNeg    . . .      Spirit   .   a - +0 robe
rPois   .          Reflect  .   (helmet restricted)
rElec   .          Harm     .   (no cloak)
rCorr   .          Rampage  .   (gloves unavailable)
Will    .....                   (boots unavailable)
Stlth   ++........              (no amulet)
HPRegen 0.04/turn               (no ring)
MPRegen 0.10/turn               (no ring)

@: very quick
A: very small, no large weapons, unfitting armour, see invisible, speed 3
a: no special abilities


You were on level 1 of the Dungeon.
You visited 1 branch of the dungeon, and saw 1 of its levels.

Inventory:

Hand Weapons
 d - a +0 short sword (weapon)
Missiles
 e - 2 poisoned darts
Armour
 a - a +0 robe (worn)
Scrolls
 f - a scroll of fear {unknown}
 g - a scroll of identify {unknown}
Potions
 b - a potion of magic
 c - a potion of invisibility {unknown}


   Skills:
 + Level 0.4 Short Blades
 + Level 3.0 Dodging
 * Level 3.6 Stealth
 + Level 2.7 Spellcasting
 + Level 3.4 Summonings


You had 3 spell levels left.
You knew the following spells:

 Your Spells              Type           Power      Damage    Failure   Level
a - Summon Small Mammal   Summ           52%        N/A       4%          1
b - Call Imp              Summ           13%        N/A       7%          2

Your spell library contained the following spells:

 Spells                   Type           Power      Damage    Failure   Level
 Call Canine Familiar     Summ           13%        N/A       14%         3
 Poisonous Vapours        Pois/Air       4%         N/A       28%         2
 Summon Guardian Golem    Hex/Summ       7%         N/A       28%         3
 Summon Lightning Spire   Summ/Air       7%         N/A       67%         4
 Corpse Rot               Necr/Pois/Air  2%         N/A       88%         4


Dungeon Overview and Level Annotations

Branches:
Dungeon (1/15)

Altars:


Innate Abilities, Weirdness & Mutations

You are very small and have problems with some larger weapons.
You are too small for most types of armour.
You have supernaturally acute eyesight. (SInv)
You cover ground extremely quickly. (Speed+++)


Message History

You hit the endoplasm.
You kill the endoplasm!
You see here a +0 sling.
The helpless gnoll fails to defend itself.
You hit the gnoll.
The gnoll is heavily wounded.
The gnoll misses you.
You hit the gnoll.
The gnoll is heavily wounded.
Your crimson imp disappears in a puff of smoke!
The gnoll barely misses you.
You hit the gnoll but do no damage.
The gnoll is heavily wounded.
The gnoll misses you.
You swap places.
Your bat hits the gnoll but does no damage. x2
The gnoll barely misses your bat.
Your bat hits the gnoll but does no damage.
Your bat barely misses the gnoll.
The gnoll hits your bat with a +0 flail.
Your bat hits the gnoll.
Your bat barely misses the gnoll.
The gnoll barely misses your bat.
Your bat barely misses the gnoll.
The gnoll hits your bat with a +0 flail!
Your bat dies!
Your bat's corpse disappears in a puff of smoke!
The gnoll hits your rat with a +0 flail!
Your rat dies!
Your rat's corpse disappears in a puff of smoke!
You hit the gnoll but do no damage.
The gnoll is heavily wounded.
The gnoll closely misses you.
You hit the gnoll.
The gnoll is severely wounded.
The gnoll misses you. The gnoll hits you with a +0 flail!
Ouch! That really hurt!
You hit the gnoll.
The gnoll is almost dead.
The gnoll hits you with a +0 flail.
You die...

.... .# #.###...##
#...#.#.#.##.....##
#..#..#.#.#..(....#
#.......#..........
#.................
#....# #.5>.......
#...####.#......(#
#.....).†##.....##
#@......####...###
#g####..# ##'##..
#.# #..## ##.....
#..#.#.# #......
#.####.#####..###.
#......##.........
##........#.....##
###########...###
#......


You could see a gnoll.

Vanquished Creatures
  A ball python (D:1)
  An endoplasm (D:1)
  A giant cockroach (D:1)
  2 goblins (D:1)
  2 hobgoblins (D:1)
  3 rats (D:1)
10 creatures vanquished.

Vanquished Creatures (collateral kills)
  3 ball pythons (D:1)
  A kobold (D:1)
4 creatures vanquished.

Grand Total: 14 creatures vanquished

Notes
Turn   | Place    | Note
-------+----------+-------------------------------------------
     0 | D:1      | Manisian the Spriggan Summoner began the quest for the Orb.
     0 | D:1      | Reached XP level 1. HP: 9/9 MP: 5/5
   371 | D:1      | Found a faded altar of an unknown god.
   519 | D:1      | Reached XP level 2. HP: 13/13 MP: 4/6
   527 | D:1      | Learned a level 2 spell: Call Imp
   919 | D:1      | Slain by a gnoll

Illustrated notes

Levels and vault maps discovered:
D:1:      dpeg_arrival_houses_and_road, layout_loops_corners,
          dreamdust_ecumenical_altar_statues, minmay_misc_feat_tiny

Skill      XL: |  1 |
---------------+----+-----
Dodging        | 3 |  3.0
Short Blades   | |  0.4
Stealth        | |  3.6
Spellcasting   | |  2.7
Summonings     | |  3.4

Action                   || total
-------------------------++-------
Melee: Short sword       ||    22
       Unarmed           ||     3
 Cast: Summon Small Mamm ||     8
       Call Imp          ||     2
 Stab: Sleeping          ||     4
Armor: Robe              ||     1
Dodge: Dodged            ||    15

Table legend: (Time is in decaauts)
 A = Elapsed time spent in this place.
 B = Non-inter-level travel time spent in this place.
 C = Inter-level travel time spent in this place.
 D = Time resting spent in this place.
 E = Time spent auto-exploring this place.
 F = Levels seen in this place.
 G = Mean time per level.
                   A        B        C        D        E       F      G
               +--------+--------+--------+--------+--------+-----+--------+
         Total |    731 |    731 |      0 |    352 |    144 |   1 |  731.0 |
       Dungeon |    731 |    731 |      0 |    352 |    144 |   1 |  731.0 |
               +--------+--------+--------+--------+--------+-----+--------+

Top non-repeatable levels by time:
     D:1: 731 daAuts
